 Dungeon Crawl Stone Soup version 0.21.1-1-g345015f (webtiles) character file.

639 Kagorn the Skirmisher (level 7, -2/100 HPs)
             Began as a Gargoyle Berserker on June 11, 2018.
             Was a Priest of Trog.
             Slain by an ogre
             ... wielding a +0 giant club
              (8 damage)
             ... on level 6 of the Dungeon.
             The game lasted 00:27:19 (2501 turns).

Kagorn the Skirmisher (Gargoyle Berserker)          Turns: 2501, Time: 00:27:19

Health: -2/100     AC: 23    Str: 26    XL:     7   Next: 50%
Magic:  7/7        EV:  2    Int:  7    God:    Trog [***...]
Gold:   201        SH:  3    Dex: 11    Spells: 6/6 levels left

rFire    + . .     SeeInvis .   d - -3 mace (curse)
rCold    x . .     Gourm    .   (no shield)
rNeg     + + +     Faith    .   (armour currently unavailable)
rPois    ∞         Spirit   .   (helmet currently unavailable)
rElec    .         Reflect  +   (cloak currently unavailable)
rCorr    .         Harm     .   (gloves currently unavailable)
MR       ++...     NoTele   +   (boots currently unavailable)
Stlth    ..........             l - +3 amulet of reflection
HPRegen  1.26/turn              p - ring of fire
MPRegen  0.10/turn              (no ring)

@: berserking (expiring), tree-form, regenerating, very quick
A: negative energy resistance 1, petrification resistance, rot immunity, AC +4
a: Berserk, Trog's Hand, Burn Spellbooks, Renounce Religion


You were on level 6 of the Dungeon.
You worshipped Trog.
Trog was most pleased with you.
You were near starving.
You were a tree.
You visited 1 branch of the dungeon, and saw 5 of its levels.

You collected 201 gold pieces.

Inventory:

Hand Weapons
 a - a +1 mace
 d - a cursed -3 mace (weapon)
 g - a +1 flail of holy wrath
 i - a +4 dagger
 t - a +0 war axe
Missiles
 q - 13 tomahawks (quivered)
Armour
 f - a +0 pair of boots (melded)
 k - a cursed +0 ring mail (melded)
 m - a +0 cloak (melded)
 s - a +0 plate armour
Jewellery
 h - an uncursed amulet of rage
 l - a +3 amulet of reflection (around neck)
 n - an uncursed amulet of harm
 p - a ring of fire (left branch)
Scrolls
 e - 2 scrolls of enchant weapon
Potions
 j - a potion of flight {unknown}
 o - 3 potions of cancellation
 r - a potion of might {unknown}
 u - a potion of berserk rage {unknown}
 v - a potion of degeneration {unknown}
Comestibles
 c - 4 rations


   Skills:
 * Level 5.6 Fighting
 * Level 5.1 Maces & Flails
 + Level 3.9 Armour
 + Level 2.8 Dodging
 + Level 3.2 Stealth


You had 6 spell levels left.
You didn't know any spells.

Dungeon Overview and Level Annotations

Branches:
Dungeon (6/15)
 Temple: D:4-7

Altars:
Nemelex Xobeh
Xom


Innate Abilities, Weirdness & Mutations

You are resistant to torment.
((Your stone body is resilient. (AC +4)))
You are immune to poison.
You resist negative energy. (rN+)
((You are resistant to electric shocks. (rElec)))
((You can survive without breathing.))
You are immune to petrification.
You are immune to rotting.


Message History

You barely miss the orc wizard.
The orc wizard is severely wounded.
The orc wizard points at you and mumbles some strange words.
The magic dart hits you!
* * * LOW HITPOINT WARNING * * *
You barely miss the orc wizard.
The orc wizard is severely wounded.
The orc wizard hits you but does no damage.
The ogre hits you but does no damage.
You thump the orc wizard!
You kill the orc wizard!
Trog accepts your kill.
Trog appreciates your killing of a magic user.
The ogre barely misses you.
You sock the ogre!
The ogre is severely wounded.
You barely miss the ogre.
The ogre is severely wounded.
The ogre hits you with a giant club!
You die...

##################
#......#.....#....
#).....#.....'....
#♣...[.##...##....
#)O....##...##....
##..(.......##...#
########...##...#
#...##....
#...##....
.....####'#
.....##..†# .
##....#....


You could see an ogre.

Vanquished Creatures
  Grinder (D:3)
  A howler monkey (D:6)
  An orc priest (D:3)
  A hound (D:6)
  3 orc wizards
  An iguana (D:6)
  2 worker ants
  A hound zombie (D:6)
  A hound skeleton (D:6)
  3 gnolls (D:6)
  3 adders
  A worm (D:3)
  4 dart slugs (D:1)
  2 leopard geckos
  10 orcs
  2 ball pythons
  5 bats
  3 giant cockroaches
  6 hobgoblins
  15 jackals
  3 quokkas
  A frilled lizard (D:2)
  4 goblins
  10 kobolds
  5 rats
89 creatures vanquished.

Notes
Turn   | Place    | Note
-------+----------+-------------------------------------------
     0 | D:1      | Kagorn the Gargoyle Berserker began the quest for the Orb.
     0 | D:1      | Reached XP level 1. HP: 14/14 MP: 1/1
    53 | D:1      | Reached XP level 2. HP: 13/19 MP: 2/2
   420 | D:1      | Reached skill level 1 in Stealth
   420 | D:1      | Reached XP level 3. HP: 24/24 MP: 3/3
   564 | D:2      | Reached ** piety under Trog
  1164 | D:2      | Reached XP level 4. HP: 19/29 MP: 4/4
  1387 | D:2      | Found a sparkling altar of Nemelex Xobeh.
  1644 | D:3      | Reached XP level 5. HP: 26/33 MP: 5/5
  1745 | D:3      | Found a shimmering altar of Xom.
  1746 | D:3      | Found a shimmering altar of Xom.
  1759 | D:3      | Reached *** piety under Trog
  1763 | D:3      | Found a shimmering altar of Xom.
  1764 | D:3      | Found a shimmering altar of Xom.
  1818 | D:3      | Noticed Grinder
  1870 | D:3      | Paralysed by Grinder for 2 turns
  1878 | D:3      | Paralysed by Grinder for 5 turns
  1887 | D:3      | Paralysed by Grinder for 7 turns
  1903 | D:3      | HP: 1/34 [Grinder (2)]
  1904 | D:3      | Killed Grinder
  1904 | D:3      | Reached skill level 5 in Fighting
  1904 | D:3      | Reached XP level 6. HP: 1/40 MP: 6/6
  2107 | D:3      | You fall through a shaft for 3 floors!
  2170 | D:6      | Reached XP level 7. HP: 44/44 MP: 7/7
  2225 | D:6      | Reached skill level 5 in Maces & Flails
  2369 | D:5      | Entered Level 5 of the Dungeon
  2496 | D:6      | HP: 4/99 [ogre/giant club (8)]
  2501 | D:6      | Slain by an ogre

Skill      XL: |  1  2  3  4  5  6  7 |
---------------+----------------------+-----
Stealth        | 1 2 3 |  3.2
Fighting       | 4 5 |  5.6
Dodging        | 2 |  2.8
Armour         | 3 |  3.9
Maces & Flails | 4 5 |  5.1

Action                   |  1- 3 |  4- 6 |  7- 9 || total
-------------------------+-------+-------+-------++-------
Melee: Mace              |   156 |   135 |    60 ||   351
       War axe           |       |       |     9 ||     9
Invok: Trog's Hand       |       |     3 |     2 ||     5
       Berserk           |       |     1 |     2 ||     3
  Use: Scroll            |     2 |     3 |     1 ||     6
       Potion            |       |     7 |     1 ||     8
  Eat: Ration            |     1 |     1 |       ||     2
       Chunk             |     1 |     1 |       ||     2
Armor: Animal skin       |    14 |       |       ||    14
       Ring mail         |   110 |    97 |    21 ||   228
       Chain mail        |    36 |       |       ||    36
       Skin              |       |    42 |   118 ||   160
Dodge: Dodged            |   183 |   109 |    53 ||   345
Block: Other             |    23 |    29 |    19 ||    71
